Map: Ice and Chrome LE

Players

MaxPax

  • Race: Protoss Protoss
  • League: Master
  • Spawn Location: 7:00

BlyOnFire (Bly) - Winner!

  • Race: Zerg Zerg
  • Spawn Location: 1:00

Event: DreamHack SC2 Masters 2020 Fall

VOD

Have the link to the VOD?

Description

Time

  • Played on: Sept. 1, 2020, 1:29 p.m.
  • Length: 15:54

All games in this series

Show
View Real Time Build Order
Export as new Build Order

MaxPax Protoss 

Build Orders:  

Get SALT Encoding   

  12  0:00  Probe  
  13  0:12  Probe  
  14  0:20  Pylon  
  14  0:24  Probe  
  15  0:38  Probe (Chrono Boost)  
  15  0:41  Gateway  
  16  0:48  Assimilator  
  16  0:49  Probe (Chrono Boost)  
  17  0:53  Probe (Chrono Boost)  
  18  1:04  Probe  
  19  1:16  Probe  
  20  1:25  Gateway  
  20  1:28  Zealot, Probe  
  20  1:31  Cybernetics Core  
  20  1:32  Pylon  
  23  1:44  Pylon  
  23  1:50  Probe  
  24  2:05  Pylon  
  24  2:06  Adept (Chrono Boost)  
  26  2:09  Probe  
  26  2:11  Adept (Chrono Boost)  
  26  2:15  Warp Gate  
  29  2:18  Assimilator  
  29  2:21  Probe  
  30  2:27  Adept  
  32  2:30  Shield Battery  
  32  2:33  Shield Battery  
  32  2:38  Adept  
  34  2:45  Shield Battery  
  34  2:53  Shield Battery  
  34  2:57  Adept  
  36  3:03  Shield Battery  
  36  3:09  Pylon  
  36  3:26  Adept  
  38  3:28  Gateway  
  38  3:35  Shield Battery  
  38  3:45  Shield Battery  
  38  3:55  Shield Battery  
  38  4:03  Stalker  
  38  4:05  Stalker  
  42  4:11  Shield Battery  
  42  4:23  Adept  
  44  4:27  Stalker  
  44  4:30  Pylon  
  46  4:45  Pylon  
  46  4:47  Pylon  
  46  4:49  Sentry x2  
  48  4:54  Stalker  
  45  5:08  Probe  
  37  5:18  Sentry x3  
  43  5:22  Probe  
  41  5:41  Adept  
  40  5:53  Zealot  
  38  5:59  Probe  
  39  6:07  Pylon  
  40  6:11  Probe  
  40  6:18  Pylon  
  40  6:23  Stalker  
  40  6:24  Probe  
  43  6:36  Probe  
  43  6:37  Adept  
  46  6:50  Robotics Facility  
  46  6:51  Adept  
  46  7:04  Adept x2  
  46  7:06  Probe  
  51  7:18  Probe  
  50  7:24  Shield Battery  
  50  7:27  Adept  
  50  7:28  Adept  
  50  7:41  Immortal (Chrono Boost)  
  50  7:54  Adept  
  52  8:00  Shield Battery  
  52  8:05  Pylon  
  50  8:08  Sentry  
  44  8:22  Adept  
  44  8:25  Pylon  
  44  8:26  Adept  
  48  8:39  Pylon  
  46  8:55  Immortal (Chrono Boost)  
  46  8:58  Sentry  
  50  9:11  Adept  
  52  9:18  Phoenix  
  50  9:29  Phoenix  
  48  9:42  Nexus  
  48  9:52  Pylon  
  48  10:03  Pylon  
  48  10:21  Robotics Facility  
  48  10:28  Pylon  
  48  10:41  Pylon  
  48  10:48  Pylon  
  48  10:50  Phoenix  
  48  11:01  Probe x2  
  48  11:02  Sentry  
  50  11:13  Probe x2 (Chrono Boost)  
  52  11:22  Probe (Chrono Boost)  
  52  11:23  Probe (Chrono Boost)  
  54  11:27  Warp Prism  
  54  11:28  Probe  
  54  11:32  Probe  
  58  11:41  Probe  
  60  11:53  Probe  
  60  11:56  Nexus  
  60  11:58  Probe  
  61  12:03  Sentry  
  61  12:06  Probe  
  65  12:17  Stargate x2, Probe  
  65  12:19  Observer  
  65  12:21  Probe  
  67  12:30  Pylon  
  67  12:35  Adept  
  69  12:39  Probe  
  69  12:43  Probe  
  64  12:52  Probe  
  64  12:55  Void Ray (Chrono Boost)  
  64  12:56  Void Ray (Chrono Boost), Probe  
  66  13:04  Probe  
  75  13:08  Assimilator, Probe  
  75  13:09  Probe  
  77  13:13  Assimilator  
  77  13:16  Probe  
  78  13:20  Probe  
  78  13:21  Probe  
  80  13:28  Probe  
  80  13:32  Probe  
  80  13:33  Probe  
  83  13:37  Phoenix (Chrono Boost)  
  83  13:40  Probe  
  86  13:43  Phoenix (Chrono Boost)  
  86  13:44  Pylon, Probe  
  86  13:45  Probe  
  90  13:52  Probe  
  90  13:55  Phoenix (Chrono Boost)  
  91  13:56  Probe  
  91  13:57  Probe  
  91  14:00  Phoenix (Chrono Boost)  
  97  14:04  Zealot, Probe  
  100  14:16  Phoenix (Chrono Boost)  
  98  14:18  Probe  
  98  14:22  Phoenix (Chrono Boost), Probe  
  102  14:24  Gateway  
  102  14:26  Gateway  
  102  14:32  Assimilator  
  102  14:34  Assimilator, Phoenix  
  102  14:36  Probe x2  
  106  14:40  Probe  
  106  14:41  Sentry  
  109  14:56  Probe x2  
  109  14:57  Probe  
  107  15:05  Zealot  
  97  15:08  Probe  
  97  15:13  Probe x2  
  98  15:20  Probe  
  98  15:27  Probe  
  98  15:28  Probe  
  98  15:32  Probe  
  81  15:40  Probe  
Show
View Real Time Build Order
Export as new Build Order

BlyOnFire Zerg - Winner!

Build Orders: 3 Hatch before Pool 

Get SALT Encoding   

  12  0:00  Drone  
  13  0:12  Overlord  
  13  0:17  Drone  
  14  0:31  Drone x2  
  16  0:49  Hatchery  
  15  0:55  Drone  
  16  0:59  Drone  
  17  1:19  Hatchery  
  17  1:22  Drone  
  17  1:25  Drone  
  18  1:38  Extractor  
  17  1:40  Spawning Pool  
  17  1:44  Drone  
  17  1:47  Drone  
  18  1:56  Drone x2  
  20  2:07  Drone x2  
  22  2:21  Overlord  
  22  2:28  Queen x2  
  26  2:33  Zergling x2  
  26  2:36  Zergling x4  
  29  2:39  Zergling x2  
  30  2:45  Zergling x4  
  32  2:51  Zergling x4  
  32  2:57  Metabolic Boost  
  33  3:05  Spine Crawler  
  33  3:12  Spine Crawler  
  31  3:14  Drone  
  31  3:19  Overlord  
  31  3:23  Spine Crawler  
  30  3:33  Zergling x8  
  33  3:37  Zergling x4  
  35  3:47  Zergling x6  
  36  3:57  Spine Crawler  
  36  3:58  Zergling x2  
  36  3:59  Spine Crawler  
  35  4:11  Zergling x2  
  35  4:12  Zergling x6  
  39  4:18  Overlord  
  40  4:24  Zergling x2  
  37  4:42  Zergling x6  
  37  4:45  Zergling x2  
  35  4:49  Spine Crawler  
  34  4:54  Zergling x2  
  34  4:56  Queen  
  34  4:58  Spine Crawler  
  34  5:03  Zergling x4  
  34  5:13  Zergling x4  
  30  5:19  Zergling x2  
  30  5:27  Zergling x4  
  32  5:40  Drone  
  32  5:48  Zergling x4  
  28  5:58  Queen x2, Zergling x4  
  33  6:08  Zergling x4  
  33  6:18  Overlord  
  32  6:26  Zergling x6  
  35  6:34  Zergling x2  
  35  6:35  Zergling x6  
  39  6:45  Zergling x4  
  38  6:52  Drone  
  38  6:53  Drone, Roach Warren  
  38  7:08  Drone x2  
  37  7:19  Queen  
  37  7:20  Overlord  
  37  7:27  Zergling x6  
  40  7:41  Roach x2  
  41  7:53  Zergling x2  
  41  7:54  Zergling x2  
  40  8:01  Zergling x4  
  37  8:07  Ravager  
  37  8:10  Ravager  
  37  8:11  Zergling x2  
  37  8:12  Zergling x2  
  40  8:19  Zergling x2  
  41  8:20  Zergling x2  
  38  8:29  Zergling x2  
  38  8:32  Zergling x2  
  37  8:44  Zergling x8  
  40  8:54  Zergling x4  
  39  9:00  Zergling x4  
  40  9:15  Zergling x4  
  46  9:24  Roach x2  
  48  9:34  Roach x3  
  48  9:37  Drone x2  
  56  9:43  Spore Crawler  
  51  9:46  Drone x4  
  55  9:57  Drone  
  55  9:58  Drone  
  57  10:00  Drone  
  58  10:10  Ravager x2  
  58  10:11  Hatchery  
  58  10:12  Drone x4  
  63  10:19  Overlord  
  63  10:23  Overlord  
  63  10:27  Overlord  
  63  10:28  Ravager  
  63  10:33  Overlord  
  64  10:42  Drone x4  
  66  10:45  Overlord  
  66  10:50  Overlord  
  65  11:04  Extractor  
  62  11:05  Extractor, Lair  
  62  11:06  Extractor  
  62  11:07  Drone x3  
  63  11:13  Drone x3  
  66  11:21  Drone x5  
  71  11:31  Roach x2  
  71  11:32  Roach  
  77  11:44  Overlord  
  77  11:45  Spore Crawler  
  76  11:50  Drone x7  
  83  11:58  Drone x3  
  86  12:07  Glial Reconstitution  
  86  12:11  Spire  
  86  12:13  Drone  
  86  12:14  Drone x2  
  88  12:23  Overseer  
  88  12:28  Zergling x6  
  91  12:34  Overlord  
  91  12:35  Drone, Overlord  
  89  12:37  Drone, Hatchery  
  88  12:45  Roach x4  
  88  12:47  Overlord  
  93  12:55  Extractor  
  93  12:56  Extractor, Zergling x2  
  93  12:57  Zergling x10  
  95  13:09  Drone x3  
  95  13:10  Drone x3  
  101  13:16  Zergling x12  
  101  13:18  Overlord  
  107  13:26  Mutalisk x2  
  107  13:31  Mutalisk  
  107  13:32  Mutalisk  
  112  13:41  Mutalisk x3  
  116  13:52  Mutalisk x5  
  126  13:56  Overlord  
  126  14:00  Overlord  
  126  14:08  Overlord  
  123  14:19  Zergling x24  
  123  14:22  Overlord  
  134  14:24  Overlord  
  134  14:28  Baneling Nest  
  134  14:29  Evolution Chamber  
  132  14:35  Ravager x6  
  132  14:36  Ravager x2  
  132  14:37  Zergling x14  
  147  14:40  Overlord  
  147  14:44  Overlord  
  147  14:47  Overlord  
  140  15:03  Roach  
  140  15:05  Zergling x24  
  137  15:09  Drone, Overlord  
  131  15:32  Zergling x26  

Tags
 
Add a new tag
Caveats
  • Supply blocks, unpowered buildings, or Contaminate may cause inaccurate times.
  • Supply counts are checked every 10 seconds.